Map: Orbital Shipyard

Players

TOP

  • Race: Terran Terran

PtitDrogo - Winner!

  • Race: Protoss Protoss
  • League: Master

Event: Homestory Cup XII

VOD

Have the link to the VOD?

Description

Time

  • Played on: Dec. 19, 2015, 3:02 p.m.
  • Length: 13:37

All games in this series

Show
View Real Time Build Order
Export as new Build Order

TOP Terran 

Build Orders: Liberator Opening, MMM Bio 

Get SALT Encoding   

  12  0:00  SCV  
  13  0:13  SCV  
  14  0:17  Supply Depot  
  14  0:25  SCV  
  15  0:39  SCV  
  15  0:40  Barracks  
  16  0:44  Refinery  
  16  0:51  SCV  
  17  1:03  SCV  
  18  1:15  SCV  
  19  1:29  Orbital Command  
  19  1:31  Barracks Reactor  
  19  1:40  Command Center  
  19  1:50  Supply Depot  
  19  1:55  SCV  
  20  2:05  Factory  
  20  2:07  SCV  
  21  2:13  Marine  
  22  2:15  Marine  
  22  2:20  SCV  
  24  2:25  Refinery  
  24  2:31  Marine  
  24  2:32  SCV  
  24  2:33  Marine  
  27  2:44  SCV  
  29  2:51  Starport  
  29  2:52  Widow Mine  
  29  2:56  Orbital Command  
  31  2:58  SCV  
  31  3:03  Marine x2  
  33  3:10  SCV  
  34  3:14  Liberator  
  34  3:18  Supply Depot  
  34  3:22  SCV x2  
  36  3:31  Widow Mine  
  41  3:34  SCV  
  41  3:37  Marine x2  
  44  3:42  Supply Depot  
  44  3:45  SCV  
  44  3:46  SCV  
  46  3:55  Marine x2  
  46  3:56  Engineering Bay, Liberator  
  46  4:01  SCV x2  
  50  4:06  Factory Tech Lab  
  50  4:13  SCV  
  50  4:16  Supply Depot  
  54  4:19  SCV  
  55  4:24  Marine x2  
  55  4:29  SCV  
  58  4:35  Siege Tank  
  58  4:36  Supply Depot  
  58  4:38  SCV  
  59  4:53  Marine x2  
  59  4:58  SCV x2  
  56  5:10  SCV x2  
  55  5:22  SCV  
  55  5:23  SCV  
  57  5:29  Barracks Tech Lab  
  57  5:35  SCV x2  
  59  5:36  Command Center  
  59  5:40  Refinery  
  59  5:43  Barracks  
  59  5:48  Barracks  
  59  5:49  SCV x2  
  61  5:52  Terran Infantry Weapons Level 1  
  61  5:59  Marauder  
  61  6:01  SCV x2  
  65  6:05  Siege Tank  
  65  6:10  Refinery  
  68  6:13  SCV x2  
  70  6:22  Marauder  
  70  6:25  SCV x2, Stimpack  
  73  6:26  Starport Reactor  
  74  6:36  Marine x2  
  74  6:37  SCV x2  
  78  6:41  Supply Depot, Barracks x2  
  78  6:44  Supply Depot  
  78  6:47  Orbital Command  
  78  6:48  Marauder  
  78  6:49  Factory Reactor, Marauder  
  78  6:52  SCV x2  
  84  7:00  Marine x2  
  86  7:04  SCV x2  
  86  7:07  Medivac  
  90  7:09  Marauder  
  90  7:11  Medivac  
  90  7:13  Marauder  
  96  7:16  SCV  
  96  7:17  SCV x2, Marine  
  96  7:19  Marine  
  101  7:23  Orbital Command  
  98  7:31  Barracks Tech Lab  
  98  7:32  Barracks Reactor  
  98  7:35  Missile Turret, Marine  
  98  7:36  Missile Turret  
  100  7:42  Armory  
  100  7:43  Engineering Bay  
  96  7:46  Terran Infantry Armor Level 1  
  96  7:47  Supply Depot  
  96  7:49  Supply Depot, SCV  
  96  7:50  SCV  
  98  7:52  SCV, Missile Turret  
  99  8:01  SCV  
  99  8:02  SCV  
  101  8:08  Marauder  
  101  8:09  Widow Mine x2, Medivac x2  
  111  8:15  Marine  
  111  8:16  Marine  
  111  8:24  Marine x2  
  111  8:25  Marauder x2  
  111  8:26  SCV  
  111  8:27  SCV  
  118  8:29  Marine  
  118  8:32  SCV  
  118  8:33  Missile Turret, Marine  
  120  8:38  Supply Depot, SCV, Widow Mine x2  
  120  8:39  Terran Infantry Weapons Level 2  
  125  8:43  Liberator  
  125  8:47  Marine  
  125  8:59  SCV x2  
  125  9:00  Marauder  
  125  9:01  Marine  
  133  9:04  Supply Depot  
  133  9:05  Supply Depot  
  133  9:08  Supply Depot  
  133  9:09  Liberator  
  133  9:12  Combat Shields  
  133  9:14  Concussive Shells, Marine  
  133  9:19  Marine  
  133  9:25  Marine  
  133  9:26  Marauder x3  
  133  9:27  Supply Depot  
  133  9:28  Liberator  
  142  9:31  Supply Depot  
  142  9:38  Marine  
  142  9:40  Marine x2  
  148  9:47  Marauder x3  
  148  9:49  Supply Depot  
  148  9:52  SCV x3  
  157  9:53  Supply Depot  
  157  9:54  Supply Depot  
  157  9:59  Marine x2  
  158  10:03  Refinery, Barracks x3  
  158  10:04  SCV x2, Refinery  
  160  10:08  Marauder x2  
  160  10:11  Marauder, Marine x2  
  162  10:27  Marine  
  162  10:28  Marine  
  162  10:29  Marine x2  
  162  10:30  Marauder x2  
  162  10:33  Marauder  
  160  10:44  Marine  
  160  10:46  Marine x2  
  160  10:47  Marine  
  145  10:51  Marauder x2  
  145  10:54  Marauder  
  148  11:02  Marine  
  121  11:04  Marine x2  
  121  11:05  Medivac, Widow Mine x2  
  121  11:06  Marine, Medivac  
  121  11:10  Barracks Tech Lab  
  121  11:11  Barracks Tech Lab  
  125  11:12  Marauder x2  
  125  11:17  Marauder  
  132  11:18  Barracks Tech Lab, Missile Turret, Liberator  
  132  11:20  Marine  
  132  11:22  Marine x2  
  132  11:25  Marine  
  135  11:34  Marauder, Liberator  
  135  11:35  Marine x3  
  135  11:37  Marine  
  135  11:38  Marine  
  145  11:43  Marine x3  
  145  11:44  Marine  
  148  11:53  Marauder, Marine  
  152  11:54  Marine  
  152  11:55  Marine, Marauder  
  152  12:01  Marauder, Marine  
  136  12:06  Marine x2  
  136  12:08  Marine  
  128  12:13  Marine  
  128  12:14  Marine  
  129  12:16  Marine  
  129  12:20  Marine  
  129  12:23  Marauder  
  129  12:24  Marine  
  114  12:33  Marine x2  
  114  12:34  Marauder x2  
  116  12:39  Marine  
  116  12:42  Marine  
  116  12:43  Orbital Command  
  116  12:44  Marine  
  103  12:57  Medivac x2  
  102  13:03  Marine  
  102  13:04  Marauder  
  98  13:09  Marine x2  
  86  13:13  Marine  
  86  13:14  Marine  
  86  13:17  Marine  
Show
View Real Time Build Order
Export as new Build Order

PtitDrogo Protoss - Winner!

Build Orders: 1 Gate Expand, Colossus Rush 

Get SALT Encoding   

  12  0:01  Probe (Chrono Boost)  
  13  0:11  Probe (Chrono Boost)  
  14  0:18  Pylon  
  14  0:22  Probe (Chrono Boost)  
  15  0:36  Gateway, Probe (Chrono Boost)  
  15  0:42  Assimilator  
  16  0:46  Probe (Chrono Boost)  
  18  0:57  Probe (Chrono Boost)  
  18  1:07  Probe (Chrono Boost)  
  19  1:19  Nexus  
  19  1:28  Cybernetics Core  
  19  1:31  Probe (Chrono Boost)  
  20  1:37  Assimilator  
  20  1:42  Probe (Chrono Boost)  
  21  1:47  Pylon  
  21  1:52  Probe (Chrono Boost)  
  22  2:05  Mothership Core (Chrono Boost), Adept  
  26  2:09  Warp Gate (Chrono Boost)  
  26  2:24  Probe (Chrono Boost)  
  27  2:31  Probe (Chrono Boost)  
  27  2:34  Probe (Chrono Boost)  
  29  2:37  Robotics Facility  
  29  2:40  Probe  
  30  2:46  Probe  
  30  2:51  Probe  
  31  2:57  Gateway  
  31  2:58  Probe, Gateway  
  33  3:01  Probe  
  34  3:10  Probe  
  34  3:12  Probe  
  35  3:16  Pylon  
  36  3:22  Probe  
  36  3:23  Probe  
  36  3:26  Warp Prism (Chrono Boost)  
  40  3:34  Probe  
  40  3:35  Probe  
  40  3:38  Robotics Bay  
  42  3:46  Probe  
  42  3:47  Probe (Chrono Boost)  
  44  3:55  Pylon  
  44  3:58  Probe (Chrono Boost), Observer (Chrono Boost)  
  44  4:01  Probe (Chrono Boost)  
  47  4:04  Adept x3  
  47  4:09  Probe (Chrono Boost), Assimilator  
  54  4:14  Pylon, Assimilator  
  54  4:15  Probe (Chrono Boost)  
  54  4:17  Observer  
  55  4:20  Probe (Chrono Boost)  
  57  4:27  Probe (Chrono Boost)  
  57  4:30  Probe (Chrono Boost)  
  59  4:32  Pylon  
  60  4:38  Adept x2  
  60  4:39  Probe (Chrono Boost), Adept  
  60  4:41  Probe (Chrono Boost)  
  60  4:45  Observer  
  67  4:51  Probe (Chrono Boost)  
  67  4:52  Probe (Chrono Boost)  
  70  4:53  Pylon  
  68  5:02  Probe (Chrono Boost)  
  68  5:03  Probe (Chrono Boost)  
  70  5:13  Probe (Chrono Boost)  
  66  5:14  Stargate  
  66  5:15  Probe (Chrono Boost)  
  66  5:19  Pylon  
  60  5:23  Probe (Chrono Boost)  
  60  5:26  Nexus  
  60  5:27  Probe (Chrono Boost)  
  60  5:28  Stalker x3  
  64  5:34  Probe (Chrono Boost)  
  64  5:35  Colossus  
  67  5:36  Pylon  
  67  5:39  Probe (Chrono Boost)  
  74  5:44  Probe (Chrono Boost)  
  74  5:47  Twilight Council  
  76  5:51  Probe (Chrono Boost)  
  76  5:55  Probe (Chrono Boost)  
  76  5:56  Stalker x2  
  81  6:02  Probe (Chrono Boost)  
  81  6:03  Phoenix (Chrono Boost)  
  84  6:05  Probe  
  85  6:14  Probe  
  85  6:17  Probe  
  87  6:21  Colossus  
  87  6:25  Phoenix (Chrono Boost)  
  89  6:26  Probe  
  89  6:30  Probe, Blink (Chrono Boost)  
  97  6:37  Forge  
  97  6:38  Probe, Forge  
  99  6:44  Assimilator  
  99  6:45  Assimilator  
  98  6:49  Pylon  
  98  7:00  Stalker x3  
  104  7:05  Phoenix  
  106  7:10  Colossus  
  112  7:37  Gateway, Protoss Ground Weapons Level 1 (Chrono Boost)  
  112  7:38  Gateway  
  112  7:40  Protoss Ground Armor Level 1 (Chrono Boost)  
  112  7:42  Gateway x2  
  112  7:43  Pylon  
  112  7:44  Sentry, Adept x2, Pylon  
  114  7:45  Pylon x2  
  114  7:46  Pylon  
  118  8:03  Colossus  
  118  8:04  Gateway  
  124  8:07  Gateway  
  124  8:09  Resonating Glaives, Pylon  
  124  8:14  Stalker x2  
  124  8:15  Stalker  
  128  8:29  Pylon  
  128  8:34  Pylon  
  128  8:35  Stalker x2  
  128  8:39  Stalker x3  
  137  8:57  Templar Archives, Colossus  
  137  9:02  Adept x5  
  149  9:03  Adept x2  
  157  9:11  Pylon  
  157  9:13  Nexus  
  157  9:14  Pylon  
  157  9:15  Pylon  
  157  9:21  Adept x2  
  157  9:23  Stalker x5  
  167  9:45  Stalker x4  
  171  9:46  Stalker x3  
  171  9:51  Probe  
  182  9:53  Photon Cannon  
  182  10:01  Colossus (Chrono Boost)  
  182  10:03  Probe  
  182  10:06  Photon Cannon  
  189  10:12  Protoss Ground Armor Level 2, Zealot x3  
  184  10:23  Adept x4  
  192  10:29  Protoss Ground Weapons Level 2  
  188  10:39  Adept x2  
  188  10:42  Probe  
  180  10:43  Adept  
  180  10:44  Adept x2  
  180  10:46  Probe  
  165  11:05  Probe  
  165  11:09  High Templar x3  
  165  11:10  Zealot, High Templar  
  174  11:14  Archon x2  
  174  11:16  Nexus  
  174  11:18  Pylon  
  174  11:22  Photon Cannon  
  174  11:26  Pylon  
  173  11:34  Stalker x4  
  181  11:42  Adept x2  
  143  12:09  Stalker x5  
  143  12:11  Probe  
  143  12:32  Nexus  
  143  12:38  Phoenix (Chrono Boost)  
  125  13:16  High Templar x2  
  125  13:17  High Templar x7  
  143  13:23  Archon x4  
Tags
 
Add a new tag
Caveats
  • Supply blocks, unpowered buildings, or Contaminate may cause inaccurate times.
  • Supply counts are checked every 10 seconds.